 Dungeon Crawl Stone Soup version 0.31-a0-237-g2d982f9f85 (webtiles) character file.

Game seed: 16282294033587291434

1958076 freelancePsychic the Wishgranter (level 27, 216/216 HPs)
             Began as a Djinni Air Elementalist on July 11, 2023.
             Was the Champion of Makhleb.
             Escaped with the Orb
             ... and 3 runes!
             The game lasted 01:39:57 (52076 turns).

freelancePsychic the Wishgranter (DjAE)            Turns: 52076, Time: 01:39:58

Health: 216/216    AC: 22    Str:  7    XL:     27
Gold:   10563      EV: 34    Int: 30    God:    Makhleb [******] SH: 11 Dex: 27

rFire   + + .        Y - staff of air
rCold   . . .        d - +3 buckler {AC+3}
rNeg    . . .        v - +4 moon troll leather armour {Spirit, Regen++ MP+5}
rPois   ∞            (no helmet)
rElec   +            l - +0 cloak "Geyl" {rC+ Regen+}
rCorr   +            o - +2 pair of gloves of Ehifik {*Slow rPois rCorr Dex+6}
SInv    .            (boots unavailable)
Will    ++...        C - amulet of Vitality {RegenMP++ Regen++}
Stlth   +            k - +4 ring of protection
HPRegen 4.56/turn    E - +6 ring of dexterity
MPRegen 0.00/turn

%: slow self (1%), guardian spirit
@: flying, studying 2 skills
A: sickness immunity, fire resistance 2, cold vulnerability 1, float, innate
caster, HP casting, extra vitality 1
0: Orb of Zot
}: 3/15 runes: decaying, serpentine, silver
a: Renounce Religion, Minor Destruction, Lesser Servant of Makhleb, Major
Destruction, Greater Servant of Makhleb


You escaped.
You worshipped Makhleb.
Makhleb was exalted by your worship.
You visited 12 branches of the dungeon, and saw 52 of its levels.
You visited the Abyss 1 time.
You also visited: Trove and Gauntlet.

You collected 11068 gold pieces.
You spent 505 gold pieces at shops.

Inventory:

Armour
 b - a +2 pair of gloves
 d - a +3 buckler of protection (worn)
 l - the +0 cloak "Geyl" (worn) {rC+ Regen+}
   (You found it in a treasure trove)

   rC:        It protects you from cold.
   Regen:     It increases your rate of health regeneration.
 o - the +2 pair of gloves of Ehifik (worn) {*Slow rPois rCorr Dex+6}
   (You found it in a treasure trove)

   Dex:       It affects your dexterity (+6).
   rPois:     It protects you from poison.
   rCorr:     It protects you from acid and corrosion.
   *Slow:     It may slow you when you take damage.
 v - the +4 moon troll leather armour (worn) {Spirit, Regen++ MP+5}
   (You took it off a deep elf demonologist on level 3 of the Elven Halls)

   MP:        It affects your magic capacity (+5).
   Regen:     It increases your rate of health regeneration.
 I - a +2 cloak
Magical Staves
 O - the staff of True Grit {rPois rF+ rN+ Fire}
   (You found it in a Gauntlet)

   [staff of fire]

   Base accuracy: +5 Base damage: 5 Base attack delay: 1.2 This weapon's minimum
   attack delay (0.6) is reached at skill level 12.
   rF:        It protects you from fire.
   rPois:     It protects you from poison.
   rN:        It protects you from negative energy.
   Fire:      It increases the power of your Fire spells.
   It falls into the 'Staves' category.
   It is a one-handed weapon.
 Y - a staff of air (weapon)
Jewellery
 k - a +4 ring of protection (left hand)
 t - the ring of Sullac {rF+ rC+ rN+ Str-5}
   (You found it in a treasure trove)

   [ring of protection from cold]

   Str:       It affects your strength (-5).
   rF:        It protects you from fire.
   rC:        It protects you from cold.
   rN:        It protects you from negative energy.
 w - an amulet of faith
 C - the amulet of Vitality (around neck) {RegenMP++ Regen++}
   (You took it off a royal mummy on level 2 of the Crypt)

   [amulet of magic regeneration]

   It increases your rate of magic regeneration.
   Regen:     It increases your rate of health regeneration.
 E - a +6 ring of dexterity (right hand)
 R - a +5 ring of evasion
 T - a ring of willpower
 U - a ring of protection from fire
Wands
 f - a wand of iceblast (56)
 y - a wand of flame (122)
 D - a wand of digging (30)
 G - a wand of quicksilver (49)
 J - a wand of mindburst (76)
 S - a wand of charming (72)
 X - a wand of polymorph (7)
Scrolls
 a - 3 scrolls of silence
 e - 3 scrolls of enchant armour
 h - 34 scrolls of teleportation {@r4}
 i - 2 scrolls of summoning
 m - 16 scrolls of poison
 n - 28 scrolls of identify {@r1}
 r - 4 scrolls of blinking
 u - 11 scrolls of immolation
 A - 10 scrolls of revelation
 B - 7 scrolls of enchant weapon
 H - 17 scrolls of fear
 M - 4 scrolls of fog
 N - 9 scrolls of vulnerability
 W - a scroll of brand weapon
Potions
 c - 4 potions of brilliance
 g - 10 potions of might
 j - 10 potions of enlightenment
 p - 7 potions of magic
 q - 16 potions of curing {@q1}
 s - 2 potions of attraction
 x - 2 potions of berserk rage
 F - 3 potions of lignification
 K - 9 potions of cancellation
 L - 11 potions of mutation
 P - a potion of resistance
 V - 4 potions of haste {@q3}
 Z - 3 potions of heal wounds {@q2}
Miscellaneous
 z - a phantom mirror
 Q - a tin of tremorstones (2/2)


   Skills:
 + Level 23.5 Fighting
 - Level 11.3 Armour
 + Level 24.1 Dodging
 - Level 1.5 Stealth
 - Level 8.0 Shields
 - Level 5.0 Unarmed Combat
 O Level 27 Spellcasting
 O Level 27 Conjurations
 O Level 27 Hexes
 O Level 27 Summonings
 O Level 27 Necromancy
 O Level 27 Translocations
 O Level 27 Transmutations
 O Level 27 Fire Magic
 O Level 27 Ice Magic
 O Level 27 Air Magic
 O Level 27 Earth Magic
 O Level 27 Poison Magic


You knew the following spells:

 Your Spells              Type           Power      Damage    Failure   Level
a - Plasma Beam           Fire/Air       70%        2x1d87    0%          6
b - Eringya's Noxious Bo  Tmut/Pois      58%        4d6       0%          6
c - Dragon's Call         Summ           58%        N/A       1%          9
d - Fire Storm            Conj/Fire      58%        8d15      1%          9
e - Freezing Cloud        Conj/Ice/Air   70%        6-21      0%          5
f - Blink                 Tloc           100%       N/A       0%          2
g - Swiftness             Air            100%       N/A       0%          3
h - Summon Guardian Gole  Hex/Summ       100%       N/A       0%          3
i - Haunt                 Necr/Summ      58%        N/A       0%          7
j - Apportation           Tloc           100%       N/A       0%          1
k - Static Discharge      Conj/Air       100%       2-7/arc   0%          2
l - Vampiric Draining     Necr           100%       2d13      0%          3
m - Storm Form            Tmut/Air       70%        N/A       0%          7
n - Shock                 Conj/Air       100%       1d9       0%          1
o - Spellforged Servitor  Conj/Summ      58%        N/A       0%          7
p - Iskenderun's Battles  Conj           100%       2d15      0%          5
q - Airstrike             Air            70%        2d(11-27) 0%          4
Your spell library was empty.

Dungeon Overview and Level Annotations

Branches:
Dungeon (15/15)            Temple (1/1) D:6            Lair (5/5) D:10
  Swamp (4/4) Lair:3        Snake (4/4) Lair:3        Slime (0/5) Lair:4
    Orc (2/2) D:10            Elf (3/3) Orc:2        Vaults (5/5) D:14
  Crypt (3/3) Vaults:2       Tomb (0/3) Crypt:3      Depths (4/4) D:15
   Hell (visited)             Dis (0/7) Hell            Geh (0/7) Hell
    Coc (0/7) Hell            Tar (0/7) Hell            Zot (5/5) Depths:4
Gauntlet (visited)

Altars:
Ashenzari
Cheibriados
Dithmenos
Elyvilon
Fedhas
Gozag
Hepliaklqana
Makhleb
Nemelex Xobeh
Okawaru
Qazlal
Ru
Trog
Uskayaw
Wu Jian
Xom
Yredelemnul
Zin
The Shining One
Jiyva

Shops:
D:6 *   D:9 :   Orc:2 [*([   Elf:2 (   Vaults:1 [   Vaults:3 (   Depths:4 =

Portals:
Hell: Depths:1 Depths:2 Depths:3 Depths:4
Abyss: Depths:2 Depths:3
Pandemonium: Depths:2 Depths:3
Ziggurat: Depths:1

Annotations:
D:3 1 runed translucent door, Nietzsche's ghost, amateur DrTm
D:11 3 runed translucent doors, Lance11888's ghost, journeyman OpDe
D:13 3 runed translucent doors, Mexzoddasi's ghost, journeyman MiBe
Lair:2 2 runed translucent doors, garrulousMonolith's ghost, journeyman GnEE
Swamp:1 2 transporters, Lusaduv's ghost, adept MiBe
Snake:2 1 runed translucent door, Brisketman's ghost, adept GnHs
Orc:2 1 runed translucent door, Moral's ghost, journeyman SpHW
Elf:2 3 runed translucent doors
Crypt:1 1 transporter


Innate Abilities, Weirdness & Mutations

You are immune to sickness and miasma.
You are immune to poison.
Your flesh is very heat resistant. (rF++)
You are vulnerable to cold. (rC-)
You float through the air rather than walking.
You learn spells naturally, not from books.
Your magical power is your life essence.
You have superior vitality. (+4 MHP)


Message History

The bolt of lightning hits the cacodemon!
The cacodemon resists.
The cacodemon is almost dead.
The fiery plasma hits the cacodemon!!!
You kill the cacodemon!
Makhleb accepts your kill.
You feel better. The sixfirhy completely misses you.
An orange demon comes into view.
The sixfirhy hits you. The sixfirhy shocks you. You resist.
A raging storm of fire appears!
The great blast of fire engulfs the orange demon!!!
You kill the orange demon!
Makhleb accepts your kill.
You feel better. Makhleb accepts your kill.
You feel better.
You feel a bit more experienced. The sixfirhy completely misses you.
Casting: Fire Storm (dangerous; 1% risk of failure)
Confirm with . or Enter, or press ? or * to list all spells.
Casting: Plasma Beam (safe; 0% risk of failure)
Press: ? - help, Dir - look around, f - activate You feel a surge of power!
The bolt of lightning misses the sixfirhy.
The fiery plasma hits the sixfirhy!!!
You kill the sixfirhy!
Makhleb accepts your kill.
You feel better.
(D) Dungeon (T) Temple (L) Lair (S) Swamp (P) Snake Pit (M) Slime Pits (O) Orcish Mines (E) Elven Halls (V) Vaults (C) Crypt (W) Tomb (U) Depths (H) Hell (I) Dis (G) Gehenna (X) Cocytus (Y) Tartarus (Z) Zot
Where to? (Enter - D:1 @ (x,y), ? - help)
There is a stone staircase leading up here.
You fly upwards.
There is a stone staircase leading down here.
There is an open door here.
There is a staircase leading out of the dungeon here.
There is a staircase leading out of the dungeon here.
You have escaped!

.....#...#.#...# #......#.#......
#....#.#......####......#.####.##
#####....#.#............#.#....#
### #..#......#####.....#.##.###
..# #..#.###.## ##....#....#
#.###........# #.#########
#.....##..#### #.#####
....###...♣♣###### #.....# ....#
♣....♣#...@# #####.# ....#
♣....♣#....### #.# ....#
♣....♣#...##~♣ #.# ....#
#''#..#.#'#~~♣♣ #.# #####
#..#..#.#<#~~~♣ #.# #
#..#..#'###~~~♣ #.#
#..#♣......~~~♣# #.# ###
##'#♣.....~~~~~# #.# ..#
#..######.~8~.~# #.#


There were no monsters in sight!

Vanquished Creatures
  4 ancient liches
  Mara (Snake:3)
  4 orbs of fire (Zot:5)
  4 juggernauts
  Josephina (Crypt:3)
  A royal mummy (Crypt:2)
  9 Killer Klowns (Zot:5)
  2 shard shrikes (Zot:1)
  Geryon (Hell)
  A caustic shrike (Depths:4)
  Vashnia (Snake:3)
  A curse toe (Zot:3)
  3 profane servitors
  4 golden dragons
  2 bone dragons
  3 electric golems
  2 hellephants (Vaults:2)
  Jorgrun (Swamp:2)
  4 liches
  26 Orb Guardians
  2 walking earthen tomes (Depths:3)
  2 deep elf master archers (Elf:3)
  6 titans (Vaults:5)
  18 tentacled monstrosities
  7 quicksilver dragons
  A deep elf blademaster (Elf:3)
  A walking divine tome (Depths:2)
  9 death cobs
  4 shadow dragons
  3 ancient champions (Crypt:1)
  3 sphinxes
  4 thorn hunters
  5 tengu reavers (Vaults:5)
  Kirke (D:13)
  14 storm dragons
  8 draconian knights
  4 draconian monks
  A fenstrider witch (Swamp:1)
  A nagaraja (Snake:4)
  4 revenants
  8 fire giants
  6 deep elf sorcerers
  6 draconian scorchers
  2 iron dragons
  4 ghost moths
  2 juggernaut zombies
  Aizul (Snake:4)
  21 frost giants
  A cacodemon (D:2)
  15 vault wardens
  14 ghouls
  6 draconian shifters
  3 draconian stormcallers
  2 caustic shrike zombies (Crypt:3)
  2 orc warlords
  2 reapers
  7 draconian annihilators
  8 war gargoyles
  6 spriggan defenders
  11 deep elf elementalists (Elf:3)
  2 juggernaut skeletons
  10 stone giants
  15 ironbound preservers
  5 vampire knights
  A formless jellyfish (Vaults:2)
  A stone giant (shapeshifter) (Vaults:5)
  Nessos (Lair:4)
  6 very ugly things
  7 green draconians
  6 deep elf demonologists
  8 ironbound thunderhulks
  7 white draconians
  6 bunyips
  8 deep elf annihilators
  11 black draconians
  3 eleionomae
  13 purple draconians
  A minotaur (Gauntlet)
  9 dire elephants
  15 red draconians
  15 yellow draconians
  6 eidola
  Snorg (D:12)
  8 deep elf death magi
  4 mummy priests
  2 entropy weavers
  A fire dragon (Depths:3)
  7 great orbs of eyes
  2 blizzard demons (Hell)
  5 green deaths
  A quicksilver dragon zombie (Crypt:3)
  5 jiangshi
  6 deep elf high priests
  7 ettins
  An entropy weaver (shapeshifter) (Vaults:5)
  14 yaktaur captains
  2 salamander tyrants
  5 peacekeepers
  6 spriggan zombies
  A hell beast (D:9)
  27 hydras
  2 shambling mangroves (Swamp:3)
  4 spriggan air magi
  7 rakshasas
  12 ice dragons
  37 vault guards
  5 boulder beetles
  2 ogre magi
  Erolcha (D:9)
  11 ironbound frosthearts
  5 anacondas
  3 death knights
  5 catoblepae
  4 two-headed ogres
  A two-headed ogre (shapeshifter) (Vaults:3)
  12 alligators
  2 centaur warriors
  4 death yaks
  15 dancing weapons
  2 deep troll shamans
  8 naga warriors
  7 tengu warriors
  4 deep troll earth magi
  A demonic crawler (Depths:1)
  5 hell hogs
  2 orc high priests
  6 vampire magi
  6 thrashing horrors
  6 spriggan berserkers
  4 titan zombies
  17 naga sharpshooters
  25 hell knights
  6 shock serpents
  11 deep elf knights
  Sonja (Lair:4)
  7 iron trolls
  23 skeletal warriors
  2 sun demons
  A wretched star (Abyss:3)
  6 salamander mystics
  4 soul eaters
  2 skysharks
  6 sixfirhies
  A titan skeleton (Crypt:2)
  2 shadow wraiths
  A bunyip zombie (Crypt:3)
  5 golden dragon zombies
  4 glowing orange brains
  4 goliath frogs
  A death drake (shapeshifter) (Depths:1)
  A shadow demon (Depths:4)
  An anaconda zombie (Hell)
  A shadow dragon zombie (Hell)
  36 deep trolls
  4 naga ritualists
  An orange crystal statue (Depths:1)
  3 spriggan druids
  16 lindwurms
  A storm dragon skeleton (Crypt:2)
  7 flayed ghosts
  16 bog bodies
  18 deep elf archers
  Pikel (D:9)
  A spriggan simulacrum (Crypt:1)
  14 swamp dragons
  11 necromancers
  26 deep elf zephyrmancers
  14 ironbound convokers
  An obsidian statue (D:11)
  An oklob plant (Swamp:3)
  34 deep elf pyromancers
  25 phantasmal warriors
  5 wizards
  5 orc knights
  A tengu zombie (Vaults:1)
  An iron dragon zombie (Depths:1)
  4 sphinx zombies
  A harpy (Vaults:2)
  28 ugly things
  6 manticores
  A stone giant zombie (Depths:1)
  2 wolf spiders
  2 sphinx skeletons
  2 orc sorcerers (Orc:2)
  5 mana vipers
  15 salamanders
  A fire giant zombie (Depths:1)
  9 will-o-the-wisps
  An eleionoma zombie (Crypt:1)
  A frost giant zombie (Hell)
  20 moths of wrath
  5 cyclopes
  A fire giant skeleton (Depths:3)
  17 vault sentinels
  23 naga magi
  An iron dragon skeleton (Depths:3)
  A centaur zombie (Crypt:3)
  An apocalypse crab (Abyss:3)
  A shock serpent zombie (Crypt:2)
  11 elephants
  5 guardian serpents
  2 rust devils (Hell)
  A naga zombie (Crypt:3)
  A dire elephant zombie (Crypt:3)
  7 smoke demons
  53 black mambas
  6 molten gargoyles (Hell)
  An alligator snapping turtle zombie (Crypt:3)
  An orange demon (D:2)
  An eye of devastation (shapeshifter) (Depths:2)
  Maggie (D:6)
  17 large abominations
  A torpor snail (Lair:3)
  2 dire elephant skeletons (Crypt:1)
  A death yak zombie (Crypt:1)
  11 cane toads
  An efreet (D:13)
  2 ice statues (Hell)
  6 unseen horrors
  6 rime drakes
  A steelbarb worm zombie (Crypt:1)
  10 komodo dragons
  3 kobold demonologists
  5 tengu conjurers
  2 tormentors
  4 hellions
  An unseen horror zombie (Crypt:1)
  A white draconian zombie (Crypt:1)
  An ice devil (Hell)
  11 freezing wraiths
  32 yaktaurs
  2 ancient zymes (Abyss:3)
  4 guardian mummies (Crypt:2)
  3 hydra zombies (Hell)
  A golden dragon simulacrum (Depths:3)
  4 harpy zombies (Crypt:3)
  A human skeleton (Vaults:1)
  2 yaktaur skeletons
  4 trolls
  2 polar bears
  2 bloated husks
  A sea snake skeleton (Hell)
  A harpy skeleton (Crypt:2)
  A shadow dragon simulacrum (Crypt:3)
  3 red devils
  15 hornets
  A hydra skeleton (Crypt:2)
  28 blink frogs
  A raiju (Abyss:2)
  3 tyrant leeches
  A stone giant simulacrum (Crypt:3)
  An ettin zombie (Crypt:3)
  An iron dragon simulacrum (Depths:3)
  10 dream sheep
  A centaur simulacrum (Crypt:3)
  A guardian serpent skeleton (Crypt:1)
  11 spriggans
  4 vampires
  14 water elementals
  12 wraiths
  5 air elementals
  A shadow (D:10)
  40 slime creatures
  An ushabti (Crypt:3)
  7 humans (D:14)
  7 wyverns
  54 yaks
  6 starcursed masses (Abyss:3)
  4 fire elementals
  2 hogs (D:13)
  A golden eye (shapeshifter) (D:13)
  8 basilisks
  3 steam dragons
  15 vampire mosquitoes
  2 chaos spawn
  11 swamp worms
  A glowing shapeshifter zombie (Hell)
  A demonspawn zombie (Crypt:1)
  35 nagas
  8 hydra simulacra
  5 wargs
  5 small abominations
  A human zombie (Vaults:1)
  An acid dragon (D:11)
  A two-headed ogre skeleton (Crypt:2)
  15 water moccasins
  2 hell hounds (Depths:4)
  A floating eye (Depths:3)
  31 orc warriors
  9 swamp drakes
  6 ice beasts
  2 sky beasts
  2 black bears
  11 boggarts
  5 ogres
  5 wolves
  5 phantoms
  2 centaurs (D:8)
  5 kobold brigands
  2 elf zombies (Elf:1)
  A rime drake skeleton (Crypt:2)
  Blork the orc (D:6)
  13 bullfrogs
  2 earth elementals (Elf:1)
  12 necrophages (Crypt:3)
  2 gnoll sergeants
  6 scorpions
  6 wights
  6 wyvern skeletons (Crypt:3)
  A yak zombie (Crypt:2)
  A killer bee (shapeshifter) (Vaults:5)
  6 killer bees (D:8)
  An oklob sapling (Swamp:3)
  A howler monkey (D:11)
  3 hounds
  Crazy Yiuf (D:7)
  19 orc priests
  4 jellies
  3 sleepcaps
  2 hell rats
  An iguana (D:5)
  19 orc wizards
  2 mummies (Crypt:3)
  9 gnolls
  A steam dragon zombie (Crypt:2)
  12 adders
  4 ufetubi
  4 worms
  2 dart slugs
  76 orcs
  5 bats
  10 endoplasms
  6 giant cockroaches
  7 goblins
  5 hobgoblins
  5 jackals
  2 quokkas
  8 ball pythons
  A ball python skeleton (Crypt:1)
  4 frilled lizards
  10 kobolds
  A kobold skeleton (Crypt:2)
  4 rats
  5 fire vortices
2231 creatures vanquished.

Vanquished Creatures (collateral kills)
  Khufu (Crypt:2)
  Mennas (Depths:4)
  A royal mummy (Crypt:2)
  Saint Roka (Crypt:3)
  3 caustic shrikes (Depths:4)
  The ghost of Weuw the Warrior, an adept GrFi of Cheibriados (Crypt:2)
  An Orb Guardian (Zot:5)
  A quicksilver dragon (Zot:2)
  A nagaraja (Snake:4)
  A frost giant (Zot:1)
  A balrug (Depths:4)
  2 reapers (Hell)
  A draconian stormcaller (Zot:5)
  A green draconian (Zot:2)
  A black draconian (Zot:2)
  2 white draconians
  An eidolon (Crypt:3)
  2 crystal guardians (Vaults:2)
  A blizzard demon (Hell)
  A green death (Hell)
  A jiangshi (Depths:4)
  A spriggan zombie (Crypt:3)
  A salamander tyrant (Snake:4)
  A caustic shrike simulacrum (Crypt:3)
  A vampire mage (Depths:4)
  3 hell hogs (Depths:4)
  2 deep troll earth magi (Depths:4)
  2 deep troll shamans (Depths:4)
  A hell knight (Hell)
  4 sun demons
  A soul eater (Depths:4)
  3 iron trolls
  A shadow dragon zombie (Hell)
  3 deep trolls (Depths:4)
  A lindwurm (shapeshifter) (Depths:4)
  A smoke demon (Hell)
  A freezing wraith (Crypt:3)
  A tyrant leech (shapeshifter) (Depths:4)
  A hydra skeleton (Hell)
  2 water elementals (Hell)
  A hell hound (Hell)
  An orc warrior (Crypt:3)
  A necrophage (Crypt:3)
  A naga simulacrum (Crypt:3)
  A wyvern skeleton (Crypt:3)
  An orc wizard (Crypt:3)
  3 orcs (Crypt:3)
66 creatures vanquished.

Vanquished Creatures (others)
  A dancing weapon (Elf:2)
  2 deep elf knights (Elf:2)
  2 deep elf zephyrmancers
  An unseen horror (D:11)
  A bloated husk (Swamp:3)
  2 vampire mosquitoes (D:6)
  A naga (Snake:4)
  A wight (D:7)
  An adder (D:3)
  A hobgoblin (D:3)
  210 fire vortices
  12 foxfires
235 creatures vanquished.

Grand Total: 2532 creatures vanquished

Notes
Turn   | Place    | Note
-------+----------+-------------------------------------------
     0 | D:1      | freelancePsychic the Djinni Air Elementalist began the
                  | quest for the Orb.
     0 | D:1      | freelancePsychic set off with the following spells
                  | memorised: Shock, Static Discharge, Swiftness, Airstrike.
     0 | D:1      | Reached XP level 1. HP: 15/15 MP: 0/0
   346 | D:1      | Reached XP level 2. HP: 19/22 MP: 0/0
   649 | D:1      | Reached skill level 1 in Fighting
   680 | D:1      | Reached XP level 3. HP: 25/27 MP: 0/0
   680 | D:1      | Learned a level 1 spell: Apportation
  1077 | D:2      | Reached XP level 4. HP: 19/33 MP: 0/0
  2070 | D:3      | Noticed Nietzsche's ghost (amateur DrTm)
  2078 | D:3      | Found a runed translucent door.
  2220 | D:3      | Found a bloodstained altar of Trog.
  2830 | D:3      | Reached XP level 5. HP: 31/38 MP: 0/0
  2830 | D:3      | Learned a level 2 spell: Blink
  3014 | D:4      | Reached XP level 6. HP: 36/45 MP: 0/0
  3296 | D:4      | Found a basalt altar of Yredelemnul.
  3298 | D:4      | Noticed a profane servitor
  3307 | D:4      | Found a glowing golden altar of the Shining One.
  3310 | D:4      | Noticed an angel
  3454 | D:5      | Entered Level 5 of the Dungeon
  3542 | D:5      | Noticed a +0 hand axe
  3544 | D:5      | Found a hide-covered altar of Uskayaw.
  3544 | D:5      | Noticed a +0 dagger
  3613 | D:5      | Reached skill level 5 in Spellcasting
  3613 | D:5      | Reached skill level 5 in Conjurations
  3613 | D:5      | Reached skill level 5 in Hexes
  3613 | D:5      | Reached skill level 5 in Summonings
  3613 | D:5      | Reached skill level 5 in Necromancy
  3613 | D:5      | Reached skill level 5 in Translocations
  3613 | D:5      | Reached skill level 5 in Transmutations
  3613 | D:5      | Reached skill level 5 in Fire Magic
  3613 | D:5      | Reached skill level 5 in Ice Magic
  3613 | D:5      | Reached skill level 5 in Air Magic
  3613 | D:5      | Reached skill level 5 in Earth Magic
  3613 | D:5      | Reached skill level 5 in Poison Magic
  3613 | D:5      | Reached XP level 7. HP: 14/50 MP: 0/0
  3613 | D:5      | Learned a level 3 spell: Vampiric Draining
  4434 | D:5      | Found a blossoming altar of Fedhas.
  4833 | D:6      | Found a shimmering altar of Xom.
  4897 | D:6      | Reached XP level 8. HP: 56/58 MP: 0/0
  4996 | D:6      | Found an opulent altar of Gozag.
  5001 | D:6      | Found Qaluxih Anecs's Assorted Antiques.
  5010 | D:6      | Bought a scroll labelled ZUF GADADWAMI for 29 gold pieces
  5010 | D:6      | Bought a scroll of identify for 58 gold pieces
  5010 | D:6      | Bought an emerald potion for 26 gold pieces
  5055 | D:6      | Found a staircase to the Ecumenical Temple.
  5055 | D:6      | Noticed Maggie
  5055 | D:6      | Noticed Blork the orc
  5067 | D:6      | Killed Blork the orc
  5068 | D:6      | Reached skill level 5 in Fighting
  5071 | D:6      | Killed Maggie
  5405 | Temple   | Entered the Ecumenical Temple
  5525 | Temple   | Became a worshipper of Makhleb the Destroyer
  5599 | D:6      | Reached XP level 9. HP: 55/66 MP: 0/0
  5599 | D:6      | Learned a level 3 spell: Summon Guardian Golem
  5992 | D:7      | Found a sparkling altar of Nemelex Xobeh.
  6167 | D:7      | Noticed a hornet
  6381 | D:6      | Killed a hornet
  6776 | D:7      | Reached XP level 10. HP: 61/75 MP: 0/0
  6879 | D:7      | Reached * piety under Makhleb
  7263 | D:7      | Found a runed translucent door.
  7264 | D:7      | Noticed Crazy Yiuf
  7333 | D:7      | Killed Crazy Yiuf
  8285 | D:8      | Noticed a kobold demonologist
  8289 | D:8      | Killed a kobold demonologist
  8522 | D:9      | Noticed Erolcha
  8774 | D:9      | Killed Erolcha
  8942 | D:9      | Noticed Pikel
  8951 | D:9      | Killed Pikel
  8952 | D:9      | Reached skill level 5 in Dodging
  8952 | D:9      | Reached XP level 11. HP: 40/82 MP: 0/0
  8952 | D:9      | Learned a level 5 spell: Iskenderun's Battlesphere
  9084 | D:9      | Reached ** piety under Makhleb
  9085 | D:9      | Reached skill level 10 in Spellcasting
  9085 | D:9      | Reached skill level 10 in Conjurations
  9085 | D:9      | Reached skill level 10 in Hexes
  9085 | D:9      | Reached skill level 10 in Summonings
  9085 | D:9      | Reached skill level 10 in Necromancy
  9085 | D:9      | Reached skill level 10 in Translocations
  9085 | D:9      | Reached skill level 10 in Transmutations
  9085 | D:9      | Reached skill level 10 in Fire Magic
  9085 | D:9      | Reached skill level 10 in Ice Magic
  9085 | D:9      | Reached skill level 10 in Air Magic
  9085 | D:9      | Reached skill level 10 in Earth Magic
  9085 | D:9      | Reached skill level 10 in Poison Magic
  9250 | D:9      | Found an iron altar of Okawaru.
  9276 | D:9      | Found Kinget's Self-Improvement Boutique.
  9346 | D:9      | Found a large runed translucent door.
  9346 | D:9      | Found a large runed translucent door.
  9784 | D:9      | Found a stormy altar of Qazlal.
  9897 | D:9      | Found an ornate altar of the Wu Jian Council.
  9932 | D:10     | Entered Level 10 of the Dungeon
  9938 | D:10     | Noticed a centaur warrior
  9942 | D:10     | Killed a centaur warrior
 10485 | D:10     | Found a staircase to the Lair.
 10693 | D:10     | Found a staircase to the Orcish Mines.
 10757 | D:10     | Found a portal to a secret trove of treasure.
 11211 | D:10     | You are sucked into a shaft and drop 3 floors!
 11240 | D:13     | Found a gate leading to a gauntlet.
 11252 | Gauntlet | Entered a Gauntlet
 11252 | Gauntlet | Found a transporter.
 11261 | Gauntlet | Found a transporter.
 11264 | Gauntlet | Found a transporter.
 11265 | Gauntlet | Found a transporter.
 11273 | Gauntlet | Found a transporter.
 11276 | Gauntlet | Found a transporter.
 11277 | Gauntlet | Found a transporter.
 11279 | Gauntlet | Noticed a sixfirhy
 11283 | Gauntlet | Noticed a sixfirhy
 11286 | Gauntlet | Noticed a sixfirhy
 11287 | Gauntlet | Found a transporter.
 11289 | Gauntlet | Found a transporter.
 11290 | Gauntlet | Found a transporter.
 11295 | Gauntlet | Noticed an entropy weaver
 11298 | Gauntlet | Found a transporter.
 11301 | Gauntlet | Found a transporter.
 11302 | Gauntlet | Found a transporter.
 11306 | Gauntlet | Noticed a sixfirhy
 11306 | Gauntlet | Noticed a sixfirhy
 11309 | Gauntlet | Noticed a sixfirhy
 11310 | Gauntlet | Noticed a sixfirhy
 11318 | Gauntlet | Found a transporter.
 11433 | Gauntlet | Killed a sixfirhy
 11434 | Gauntlet | Killed a sixfirhy
 11435 | Gauntlet | Reached XP level 12. HP: 69/91 MP: 0/0
 11440 | Gauntlet | Killed a sixfirhy
 11441 | Gauntlet | Reached skill level 10 in Fighting
 11441 | Gauntlet | Identified the amulet "Wups" {Reflect rPois rC+ Dex-2 SH+5}
 11464 | Gauntlet | Noticed a minotaur
 11484 | Gauntlet | Killed a minotaur
 11646 | Gauntlet | Identified the staff of True Grit {rPois rF+ rN+ Fire}
 11646 | Gauntlet | Identified the +6 broad axe of the Other Side {speed, rF+
                  | Dex+3}
 11744 | D:13     | Noticed a boulder beetle
 12069 | D:12     | Reached *** piety under Makhleb
 12449 | D:12     | Noticed Snorg
 12453 | D:12     | Killed Snorg
 12480 | D:11     | Noticed a boulder beetle
 12489 | D:11     | Killed a boulder beetle
 12701 | D:11     | Noticed a two-headed ogre
 12705 | D:11     | Killed a two-headed ogre
 13030 | Lair:1   | Entered Level 1 of the Lair of Beasts
 13099 | Lair:1   | Reached XP level 13. HP: 93/99 MP: 0/0
 13099 | Lair:1   | Learned a level 5 spell: Freezing Cloud
 13242 | Lair:1   | Reached **** piety under Makhleb
 13755 | Lair:2   | Reached skill level 10 in Dodging
 13758 | Lair:2   | Noticed an eight-headed hydra
 13761 | Lair:2   | Killed an eight-headed hydra
 13819 | Lair:2   | Identified the +1 leather armour of the Forest {-Cast
                  | Rampage rCorr Int-4}
 13880 | Lair:2   | Found a large runed translucent door.
 13880 | Lair:2   | Found a large runed translucent door.
 13882 | Lair:2   | Noticed garrulousMonolith's ghost (journeyman GnEE)
 14111 | Lair:2   | Noticed a catoblepas
 14120 | Lair:2   | Killed a catoblepas
 14798 | Lair:3   | Reached XP level 14. HP: 99/107 MP: 0/0
 14939 | Lair:3   | Found a staircase to the Swamp.
 15135 | Lair:3   | Reached ***** piety under Makhleb
 15158 | Lair:3   | Found a staircase to the Snake Pit.
 15830 | Lair:4   | Noticed Nessos
 15835 | Lair:4   | Killed Nessos
 16042 | Lair:4   | Noticed Sonja
 16044 | Lair:4   | Killed Sonja
 16415 | Lair:4   | Found a viscous altar of Jiyva.
 16416 | Lair:4   | Found a staircase to the Slime Pits.
 16541 | Lair:5   | Entered Level 5 of the Lair of Beasts
 16736 | Lair:5   | Identified the +1 chain mail "Qeobb" {Harm Slay+3}
 16796 | Lair:5   | Reached XP level 15. HP: 103/115 MP: 0/0
 16796 | Lair:5   | Learned a level 6 spell: Eringya's Noxious Bog
 17012 | Lair:5   | Reached ****** piety under Makhleb
 17882 | D:11     | Found a runed translucent gate.
 17883 | D:11     | Found a runed translucent gate.
 17886 | D:11     | Found a runed translucent gate.
 17929 | D:11     | Reached skill level 1 in Shields
 18333 | D:11     | Reached skill level 15 in Spellcasting
 18333 | D:11     | Reached skill level 15 in Conjurations
 18333 | D:11     | Reached skill level 15 in Hexes
 18333 | D:11     | Reached skill level 15 in Summonings
 18333 | D:11     | Reached skill level 15 in Necromancy
 18333 | D:11     | Reached skill level 15 in Translocations
 18333 | D:11     | Reached skill level 15 in Transmutations
 18333 | D:11     | Reached skill level 15 in Fire Magic
 18333 | D:11     | Reached skill level 15 in Ice Magic
 18333 | D:11     | Reached skill level 15 in Air Magic
 18333 | D:11     | Reached skill level 15 in Earth Magic
 18333 | D:11     | Reached skill level 15 in Poison Magic
 18570 | D:11     | Noticed Lance11888's ghost (journeyman OpDe)
 19226 | D:13     | Found a runed translucent gate.
 19226 | D:13     | Found a runed translucent gate.
 19226 | D:13     | Found a runed translucent gate.
 19228 | D:13     | Noticed Mexzoddasi's ghost (journeyman MiBe)
 19692 | D:13     | Noticed Kirke
 19713 | D:13     | Killed Kirke
 20174 | D:14     | Identified the +0 pair of boots "Xocoa" {Str+3 Int+3}
 20573 | D:14     | Reached skill level 5 in Shields
 20573 | D:14     | Reached XP level 16. HP: 123/123 MP: 0/0
 20701 | D:14     | Found a gate to the Vaults.
 20797 | D:14     | Found a hazy altar of Hepliaklqana.
 21139 | D:15     | Entered Level 15 of the Dungeon
 21786 | D:15     | Found a staircase to the Depths.
 22112 | Orc:1    | Entered Level 1 of the Orcish Mines
 22269 | Orc:2    | Entered Level 2 of the Orcish Mines
 22510 | Orc:2    | Found Ikucwoo's Antique Weapon Emporium.
 22513 | Orc:2    | Found Wiguyts's Antique Armour Shoppe.
 22525 | Orc:2    | Bought a bloodstained short sword for 152 gold pieces
 22525 | Orc:2    | Identified the +6 short sword of Oskok {drain, rC- Str+3
                  | Dex+5 Stlth+} (You bought it in a shop on level 2 of the
                  | Orcish Mines)
 22619 | Orc:2    | Found a staircase to the Elven Halls.
 22854 | Orc:2    | Found Yluv's Assorted Antiques.
 22860 | Orc:2    | Bought a scroll of teleportation for 90 gold pieces
 22893 | Orc:2    | Found a runed translucent door.
 22893 | Orc:2    | Noticed Moral's ghost (journeyman SpHW)
 22951 | Orc:2    | Found Ylimaidgh's Antique Armour Shoppe.
 22956 | Orc:2    | Bought a glowing cloak for 150 gold pieces
 23270 | Elf:1    | Entered Level 1 of the Elven Halls
 23326 | Elf:1    | Paralysed by an air elemental for 1 turns
 23590 | Elf:1    | Paralysed by an air elemental for 1 turns
 23867 | Elf:1    | Reached skill level 15 in Fighting
 23867 | Elf:1    | Reached XP level 17. HP: 85/131 MP: 0/0
 23867 | Elf:1    | Learned a level 7 spell: Storm Form
 24949 | Elf:2    | Found a runed translucent gate.
 24949 | Elf:2    | Found a runed translucent gate.
 24949 | Elf:2    | Found a runed translucent gate.
 25153 | Elf:2    | Paralysed by an air elemental for 1 turns
 25157 | Elf:2    | Paralysed by an air elemental for 1 turns
 25180 | Abyss:2  | Cast into level 2 of the Abyss (a deep elf sorcerer)
 25428 | Abyss:3  | Noticed a lich
 25440 | Abyss:3  | Reached skill level 1 in Unarmed Combat
 25444 | Abyss:3  | Killed a lich
 25457 | Abyss:3  | Noticed a dread lich
 25492 | Abyss:3  | Found a corrupted altar of Lugonu.
 25493 | Abyss:3  | Found a corrupted altar of Lugonu.
 25545 | Abyss:3  | Found a corrupted altar of Lugonu.
 25610 | Abyss:3  | Found a corrupted altar of Lugonu.
 25640 | Abyss:3  | Found a corrupted altar of Lugonu.
 25655 | Elf:2    | Escaped the Abyss
 26069 | Elf:2    | Found Asifiur's Antique Weapon Boutique.
 26165 | Elf:2    | Paralysed by an air elemental for 1 turns
 26175 | Elf:2    | Reached XP level 18. HP: 113/139 MP: 0/0
 26401 | Elf:3    | Entered Level 3 of the Elven Halls
 26485 | Elf:3    | Reached skill level 5 in Unarmed Combat
 27066 | Elf:3    | Noticed a deep elf blademaster
 27072 | Elf:3    | Killed a deep elf blademaster
 27176 | Elf:3    | Noticed a deep elf master archer
 27180 | Elf:3    | Killed a deep elf master archer
 27627 | Elf:3    | Identified the +9 dagger "Goblinslayer" {heavy, rCorr
                  | Dex+6}
 27643 | Elf:3    | Noticed an Executioner
 27644 | Elf:3    | Noticed a Brimstone Fiend
 27677 | Elf:3    | Noticed a deep elf master archer
 27683 | Elf:3    | Killed a deep elf master archer
 27696 | Elf:3    | Identified the +1 chain mail "Yniuras" {rPois rN+ rCorr
                  | Dex-5}
 27901 | Elf:3    | Identified the +1 whip "Juovihuwn" {freeze, Int+3 Dex+3}
 27976 | Elf:3    | Identified the staff "Qobumon" {Drain rC+ Int+4 Ice}
 27980 | Elf:3    | Identified the +1 plate armour "Xuojyqed" {-Tele rElec
                  | Dex+3}
 28208 | Swamp:1  | Entered Level 1 of the Swamp
 28212 | Swamp:1  | Reached XP level 19. HP: 143/147 MP: 0/0
 28212 | Swamp:1  | Learned a level 6 spell: Plasma Beam
 28570 | Swamp:1  | Found a transporter.
 28577 | Swamp:1  | Found a bloodstained altar of Trog.
 28577 | Swamp:1  | Noticed Lusaduv's ghost (adept MiBe)
 28603 | Swamp:1  | Found a transporter.
 28798 | Swamp:2  | Noticed Jorgrun
 28801 | Swamp:2  | Killed Jorgrun
 29065 | Swamp:2  | Identified a scroll of acquirement
 29073 | Swamp:2  | Acquired the +5 kite shield of Sharp Leaves {+Inv Str-5
                  | Dex+4 Slay+3}
 29298 | Swamp:3  | Reached skill level 15 in Dodging
 29766 | Swamp:4  | Entered Level 4 of the Swamp
 29934 | Snake:1  | Entered Level 1 of the Snake Pit
 30447 | Snake:2  | Found a runed translucent door.
 30606 | Snake:2  | Reached XP level 20. HP: 134/155 MP: 0/0
 30854 | Snake:2  | Noticed Brisketman's ghost (adept GnHs)
 31765 | Snake:3  | Reached skill level 1 in Armour
 32272 | Snake:3  | Noticed Vashnia
 32289 | Snake:3  | Killed Vashnia
 32646 | Snake:4  | Entered Level 4 of the Snake Pit
 32646 | Snake:4  | Noticed Mara
 32651 | Snake:4  | Noticed freelancePsychic's illusion
 32708 | Snake:3  | Killed Mara
 32790 | Snake:4  | Noticed Aizul
 32809 | Snake:4  | Killed Aizul
 32829 | Snake:4  | Reached XP level 21. HP: 160/163 MP: 0/0
 32829 | Snake:4  | Learned a level 7 spell: Haunt
 32830 | Snake:4  | Reached skill level 5 in Armour
 33222 | Snake:4  | Got a serpentine rune of Zot
 33801 | Swamp:4  | Got a decaying rune of Zot
 34205 | Vaults:1 | Entered Level 1 of the Vaults
 34348 | Vaults:1 | Identified the +1 long sword "Dragon's Tongue" {elec, rPois
                  | rF+}
 34601 | Vaults:1 | Found Umunno's Antique Armour Emporium.
 35381 | Vaults:2 | Reached XP level 22. HP: 142/171 MP: 0/0
 35942 | Vaults:2 | Found a staircase to the Crypt.
 36063 | Vaults:2 | Found a huge runed gate.
 36063 | Vaults:2 | Found a huge runed gate.
 36063 | Vaults:2 | Found a huge runed gate.
 36064 | Vaults:2 | Found a huge runed gate.
 36064 | Vaults:2 | Found a huge runed gate.
 36064 | Vaults:2 | Found a huge runed gate.
 36065 | Vaults:2 | Found a huge runed gate.
 36065 | Vaults:2 | Found a huge runed gate.
 36065 | Vaults:2 | Found a huge runed gate.
 36065 | Vaults:2 | Found a huge runed gate.
 36068 | Vaults:2 | Found a huge runed gate.
 36068 | Vaults:2 | Found a huge runed gate.
 36068 | Vaults:2 | Found a huge runed gate.
 36068 | Vaults:2 | Found a huge runed gate.
 36068 | Vaults:2 | Found a huge runed gate.
 36068 | Vaults:2 | Found a huge runed gate.
 36069 | Vaults:2 | Found a huge runed gate.
 36070 | Vaults:2 | Found a huge runed gate.
 36071 | Vaults:2 | Found a huge runed gate.
 36079 | Vaults:2 | Found a huge runed gate.
 36079 | Vaults:2 | Found a huge runed gate.
 36079 | Vaults:2 | Found a huge runed gate.
 36079 | Vaults:2 | Found a huge runed gate.
 36079 | Vaults:2 | Found a huge runed gate.
 36079 | Vaults:2 | Found a huge runed gate.
 36080 | Vaults:2 | Found a huge runed gate.
 36081 | Vaults:2 | Found a huge runed gate.
 36082 | Vaults:2 | Found a huge runed gate.
 36093 | Vaults:2 | Found a huge runed gate.
 36093 | Vaults:2 | Found a huge runed gate.
 36093 | Vaults:2 | Found a huge runed gate.
 36093 | Vaults:2 | Found a huge runed gate.
 36093 | Vaults:2 | Found a huge runed gate.
 36093 | Vaults:2 | Found a huge runed gate.
 36094 | Vaults:2 | Found a huge runed gate.
 36095 | Vaults:2 | Found a huge runed gate.
 36631 | D:10     | You paid a toll of a +6 demon blade to enter a treasure
                  | trove
 36632 | Trove    | Entered a treasure trove
 36639 | Trove    | Identified the +0 cloak "Geyl" {rC+ Regen+}
 36651 | Trove    | Identified the +2 pair of gloves of Ehifik {*Slow rPois
                  | rCorr Dex+6}
 36663 | Trove    | Identified the amulet of Wootrufi {Reflect rElec SH+5}
 36666 | Trove    | Identified the ring of Sullac {rF+ rC+ rN+ Str-5}
 37372 | Vaults:3 | Reached skill level 10 in Armour
 37632 | Vaults:3 | Found Dauthaot's Weapon Shop.
 37904 | Vaults:4 | Reached XP level 23. HP: 178/178 MP: 0/0
 37904 | Vaults:4 | Learned a level 7 spell: Spellforged Servitor
 38691 | Vaults:5 | Entered Level 5 of the Vaults
 38722 | Vaults:5 | Identified the +9 arbalest "Grim Tooth" {freeze, +Blink rF+
                  | rCorr Int-2}
 38758 | Vaults:5 | Identified the staff "Baoliaf" {rPois SInv Poison}
 38770 | Vaults:5 | Noticed a golden dragon
 38774 | Vaults:5 | Killed a golden dragon
 38796 | Vaults:5 | Identified the +7 morningstar "Metresut" {protect, rF+ rN+}
 38905 | Vaults:5 | Noticed an ancient lich
 38908 | Vaults:5 | Killed an ancient lich
 38926 | Vaults:5 | Reached XP level 24. HP: 187/187 MP: 0/0
 38952 | Vaults:5 | Identified the +8 hand axe "Hoipn" {vamp, *Corrode rElec
                  | rN+}
 39025 | Vaults:5 | Identified the +5 falchion of the Equator {antimagic, rN+
                  | Int+4}
 39343 | Vaults:5 | Got a silver rune of Zot
 39346 | Vaults:5 | Identified the +0 chain mail "Xeqe" {rElec rPois rF+}
 39462 | Vaults:5 | Identified the +3 trident of Piadi {drain, Will+}
 39894 | Crypt:1  | Entered Level 1 of the Crypt
 40203 | Crypt:1  | Found a transporter.
 40213 | Crypt:1  | Noticed an ancient lich
 40380 | Crypt:1  | Identified the ring of Eblasuenla {*Corrode Drain Str+9
                  | Int+6 Dex+2 Slay+4}
 40814 | Crypt:2  | Noticed a royal mummy
 40817 | Crypt:2  | Killed a royal mummy
 40819 | Crypt:2  | Noticed Khufu
 40893 | Crypt:2  | Reached XP level 25. HP: 193/193 MP: 0/0
 40893 | Crypt:2  | Learned a level 9 spell: Dragon's Call
 41019 | Crypt:2  | Found a runed translucent door.
 41019 | Crypt:2  | Noticed Weuw's ghost (adept GrFi)
 41070 | Crypt:2  | Identified the +7 falchion "Starlight" {venom, rF+ Stlth+}
 41070 | Crypt:2  | Noticed a royal mummy
 41084 | Crypt:2  | Killed a royal mummy
 41109 | Crypt:2  | Killed Khufu
 41343 | Crypt:2  | Killed Weuw's ghost
 41346 | Crypt:2  | Identified the staff of Extremism {rC+ Will+ Str-4 Int+5
                  | Ice}
 41390 | Crypt:3  | Entered Level 3 of the Crypt
 41476 | Crypt:3  | Noticed Saint Roka
 41481 | Crypt:3  | Identified the ring "Qocvenisch" {Ice SInv}
 41481 | Crypt:3  | Noticed Josephina
 41486 | Crypt:3  | Killed Saint Roka
 41494 | Crypt:3  | Killed Josephina
 41543 | Crypt:3  | Identified the ring of the Heavens {rPois Int+5}
 41694 | Crypt:3  | Found a staircase to the Tomb.
 41962 | Crypt:3  | Found a basalt altar of Yredelemnul.
 42056 | Crypt:3  | Identified the +11 broad axe of Hiagg {heavy, Fly}
 42056 | Crypt:3  | Identified the ring of Yredelemnul's Esteem {rElec rN+
                  | Str-5 Int+7}
 42063 | Crypt:3  | Identified the ring "Ykeunowk" {rF+ rN+ rCorr MP+9}
 42067 | Crypt:3  | Identified the ring "Viring" {Fire Dex+4}
 42386 | Crypt:3  | Identified the ring "Molev" {Contam rN+ rCorr Str+5}
 42557 | Crypt:3  | Acquired 620 gold pieces
 42721 | Depths:1 | Entered Level 1 of the Depths
 42769 | Depths:1 | Found a one-way gateway to a ziggurat.
 43174 | Depths:1 | Found a runed translucent gate.
 43174 | Depths:1 | Found a runed translucent gate.
 43174 | Depths:1 | Found a runed translucent gate.
 43233 | Depths:1 | Found a gateway to Hell.
 43453 | Depths:1 | Acquired a manual of Spellcasting
 43547 | Depths:2 | Reached XP level 26. HP: 195/200 MP: 0/0
 43703 | Depths:2 | Found a one-way gate leading to the halls of Pandemonium.
 43750 | Depths:2 | Found a one-way gate to the infinite horrors of the Abyss.
 43888 | Depths:2 | Noticed a juggernaut
 43895 | Depths:2 | Killed a juggernaut
 44192 | Depths:3 | Noticed a juggernaut
 44194 | Depths:3 | Killed a juggernaut
 44213 | Depths:3 | Noticed a juggernaut
 44214 | Depths:3 | Identified the +0 shortbow "Vaecaim" {elec, +Blink rC+
                  | Str+3}
 44250 | Depths:3 | Killed a juggernaut
 44316 | Depths:3 | Identified the staff of Abomination {Drain Will+ Str+3
                  | Int+3 Earth}
 45109 | Depths:4 | Entered Level 4 of the Depths
 45201 | Depths:4 | Noticed Mennas
 45205 | Depths:4 | Noticed a juggernaut
 45208 | Depths:4 | Killed a juggernaut
 45243 | Depths:4 | Killed Mennas
 45244 | Depths:4 | Reached XP level 27. HP: 190/205 MP: 0/0
 45244 | Depths:4 | Learned a level 9 spell: Fire Storm
 45250 | Depths:4 | Reached skill level 27 in Spellcasting
 45413 | Depths:4 | Found a gate to the Realm of Zot.
 45486 | Depths:4 | Found Vahuarr's Jewellery Boutique.
 45853 | Hell     | Entered the Vestibule of Hell
 45853 | Hell     | Noticed Geryon
 45860 | Hell     | Killed Geryon
 46032 | Hell     | Found a gateway to the Iron City of Dis.
 46143 | Hell     | Found a gateway to the ashen valley of Gehenna.
 46219 | Hell     | Found a gateway to the decaying netherworld of Tartarus.
 46296 | Hell     | Found a gateway to the freezing wastes of Cocytus.
 46541 | Zot:1    | Entered Level 1 of the Realm of Zot
 47237 | Zot:1    | Reached skill level 27 in Conjurations
 47237 | Zot:1    | Reached skill level 27 in Hexes
 47237 | Zot:1    | Reached skill level 27 in Summonings
 47237 | Zot:1    | Reached skill level 27 in Necromancy
 47237 | Zot:1    | Reached skill level 27 in Translocations
 47237 | Zot:1    | Reached skill level 27 in Transmutations
 47237 | Zot:1    | Reached skill level 27 in Fire Magic
 47237 | Zot:1    | Reached skill level 27 in Ice Magic
 47237 | Zot:1    | Reached skill level 27 in Air Magic
 47237 | Zot:1    | Reached skill level 27 in Earth Magic
 47237 | Zot:1    | Reached skill level 27 in Poison Magic
 47269 | Zot:1    | Noticed a shard shrike
 47271 | Zot:1    | Noticed a shard shrike
 47272 | Zot:1    | Killed a shard shrike
 47280 | Zot:1    | Killed a shard shrike
 48693 | Zot:3    | Identified the +7 spear "Laneushu" {freeze, *Noise Int+4
                  | Dex+3}
 48797 | Zot:3    | Identified the +7 longbow of Gikaxeg {drain, Str+6}
 49923 | Zot:5    | Entered Level 5 of the Realm of Zot
 50107 | Zot:5    | Identified the +5 ring mail of the Old World {rPois}
 50345 | Zot:5    | Noticed an ancient lich
 50351 | Zot:5    | Killed an ancient lich
 50363 | Zot:5    | Noticed an ancient lich
 50367 | Zot:5    | Killed an ancient lich
 50401 | Zot:5    | Noticed a Killer Klown
 50403 | Zot:5    | Noticed an orb of fire
 50405 | Zot:5    | Killed a Killer Klown
 50405 | Zot:5    | Noticed a Killer Klown
 50406 | Zot:5    | Noticed an orb of fire
 50406 | Zot:5    | Noticed an orb of fire
 50408 | Zot:5    | Killed an orb of fire
 50411 | Zot:5    | Killed a Killer Klown
 50411 | Zot:5    | Noticed a Killer Klown
 50412 | Zot:5    | Noticed an orb of fire
 50412 | Zot:5    | Noticed a Killer Klown
 50413 | Zot:5    | Noticed a Killer Klown
 50414 | Zot:5    | Killed an orb of fire
 50414 | Zot:5    | Killed an orb of fire
 50416 | Zot:5    | Noticed a Killer Klown
 50416 | Zot:5    | Noticed a Killer Klown
 50418 | Zot:5    | Killed an orb of fire
 50418 | Zot:5    | Noticed a Killer Klown
 50418 | Zot:5    | Noticed an ancient lich
 50420 | Zot:5    | Killed a Killer Klown
 50420 | Zot:5    | Killed a Killer Klown
 50422 | Zot:5    | Killed a Killer Klown
 50422 | Zot:5    | Killed an ancient lich
 50427 | Zot:5    | Killed a Killer Klown
 50429 | Zot:5    | Killed a Killer Klown
 50429 | Zot:5    | Noticed a Killer Klown
 50456 | Zot:5    | Killed a Killer Klown
 50488 | Zot:5    | Killed a Killer Klown
 51471 | Zot:5    | Got the Orb of Zot
 52076 | D:$      | Escaped with the Orb!

Illustrated notes

Levels and vault maps discovered:
D:1:      sevenhm_arrival_forest_fort_small_5, layout_basic,
          serial_co_window_serial, co_window_of_opportunity_a,
          co_window_paths_a, co_window_corner_a, co_window_paths_a,
          co_window_paths_a, co_window_corner_ca, co_window_corner_b,
          co_window_corner_b, glass_columns_a, due_unseen_surprise
D:2:      layout_rooms, kennysheep_big_empty_room
D:3:      layout_basic, bloody_trog, hellmonk_ghost_happy_afterlife,
          lemuel_flame_loot_1
D:4:      layout_rooms, grunt_temple_overflow_holy_war,
          hangedman_decor_diamond_cutter
D:5:      layout_basic, dancing_weapons_uskayaw, fedhas_altar_3,
          minmay_misc_feat_tower, nicolae_kite_square_tiling_tiny,
          minmay_fractal_squares_5
D:6:      layout_gridville, mainiacjoe_overflow_tiny_flanked,
          lemuel_crystal_altar, minmay_temple_entry_statues_pillars,
          serial_shops, nicolae_shop_trees, uniq_maggie, uniq_blork_the_orc
D:7:      layout_rooms, amcnicky_altar_gilded, uniq_crazy_yiuf_cottage
D:8:      layout_gridville
D:9:      layout_gridville, mainiacjoe_overflow_surrounded_room,
          jmf_multi_god_temple2, overflow_temple_1_default,
          nicolae_shop_self_help, uniq_erolcha, uniq_pikel
D:10:     layout_basic, hellmonk_lair_entry_icy, minmay_orc_entry_guard_dogs,
          nicolae_trove_entry_free_sample
D:11:     minmay_the_grid_square_5x5_3x3
          [minmay_the_grid_square_5x5_broken_cross,
          minmay_the_grid_square_5x5_half_checkered,
          minmay_the_grid_square_5x5_checkered_statues,
          minmay_the_grid_square_5x5_pentomino_r,
          minmay_the_grid_square_5x5_megaprize_hollow,
          minmay_the_grid_square_5x5_almost_minimal,
          minmay_the_grid_square_5x5_moneybag, minmay_the_grid_square_5x5_seven,
          minmay_the_grid_square_5x5_three_walls], layout_small_grid,
          gammafunk_ghost_necromancy, minmay_protected_statue
D:12:     layout_irregular_city, uniq_snorg
D:13:     layout_grid_maze, maelrawn_ghost_gauntlet_escape,
          gauntlet_entry_generic, uniq_kirke
D:14:     layout_cave_pods, ximxim_vaults_locker_room, lemuel_tele_altar,
          grunt_ministairs_7, drop_trap
D:15:     hangedman_depths_entry_try_elsewhere_first, layout_irregular_city,
          serial_bayou_shore_a
Temple:   compressed_dpeg_circular_temple
Lair:1:   layout_layer_cave, grunt_megastairs_3
Lair:2:   layout_cave_pods, ebering_ghost_disaster_area, beast_lair_carwin_7
Lair:3:   layout_gridlike, swamp_mist, dummy_snake_entry, nicolae_lair_lil_pond
Lair:4:   layout_hall_layers, slime_entry_1, nicolae_lair_lindhole, uniq_nessos,
          uniq_sonja
Lair:5:   hangedman_lair_in_review, layout_loops_ring
Swamp:1:  layout_basic_swamp, gammafunk_ghost_wrathful_warriors,
          evilmike_swamp_ruin_house_4, swamp_pool1
Swamp:2:  layout_basic_swamp, evilmike_swamp_ruin_house_1, uniq_jorgrun
Swamp:3:  nicolae_swamp_phyte_club, layout_basic_swamp,
          nicolae_swamp_some_circles
Swamp:4:  swamp_basic_johnstein, layout_basic_swamp
Snake:1:  layout_grid_shapes
Snake:2:  layout_chambers, ebering_ghost_inner_flame, st_stairs_8,
          serial_bayou_pond_a, hangedman_venom_bottle
Snake:3:  layout_gridlike, corexii_hall_statues_i, nicolae_snake_storage_room,
          grunt_megastairs_4, serial_bayou_shore_b, lemuel_fruit_tree,
          uniq_vashnia
Snake:4:  hellmonk_snake_rune_quicksilver_temple, layout_rooms, uniq_mara,
          uniq_aizul
Orc:1:    layout_diamond_mine
Orc:2:    grunt_orc_community_town_hall, layout_diamond_mine,
          grunt_orc_community_big_house_2, grunt_orc_community_big_house_2,
          grunt_orc_community_house_1, grunt_orc_community_house_2,
          grunt_orc_community_house_2, grunt_orc_community_house_2,
          grunt_orc_community_house_2, gammafunk_ghost_grave
Elf:1:    eino_elf_arrival_altar, layout_loops_cross, serial_aquarium,
          aquarium_bridge_long_separate [aquarium_subvault_bridge,
          aquarium_subvault_window, aquarium_subvault_bridge,
          aquarium_subvault_bridge, aquarium_subvault_wall,
          aquarium_subvault_wall], aquarium_window_1, aquarium_window_2,
          aquarium_view_2c, aquarium_pool_2, minmay_elf_necromancy
Elf:2:    nicolae_elf_blades_splatter_lattice [mumra_blade_entry_bloodbath],
          layout_geoelf_diagonals, serial_shops, nicolae_shop_statue_plus,
          serial_sigils_hangedman_confine
Elf:3:    minmay_elf_hall_x, layout_gridlike, basic_altar
Vaults:1: nicolae_vaults_house_2, v_misc_26, ontoclasm_vaults_idyll, v_misc_19,
          ontoclasm_vaults_eye, v_misc_10, nicolae_vaults_trapezoid_lopsided_3,
          nicolae_vaults_little_guard_posts, nicolae_vaults_tetromino_T_1,
          layout_vaults_omnigrid, serial_shops, shop
Vaults:2: ontoclasm_vaults_chip, minmay_crypt_entry_vampire_xt,
          ontoclasm_vaults_shuriken, nicolae_vaults_heart-shaped_vault,
          grunt_vaults_funnel, nicolae_vaults_cochlea, not_door_vault_due,
          hangedman_vaults_stream, dpeg_vaults_monster_box,
          layout_vaults_chaotic_city
Vaults:3: vaults_mumra_hexcomb, dpeg_vaults_monster_row,
          ontoclasm_vaults_misaligned, nicolae_vaults_halls_meeting,
          vaults_mumra_minichess, nicolae_vaults_stepped_doors,
          vaults_room_stairs_pillars, nicolae_vaults_hallways_thing,
          nicolae_vaults_double_plus_1, vaults_room_pools, vaults_dpeg_diagonal,
          ontoclasm_vaults_loading_screen, nicolae_vaults_shelves_hall,
          nicolae_vaults_specimen_jars, v_misc_22, layout_vaults_ring,
          serial_shops, nicolae_shop_pleasant_corner_grove
Vaults:4: hangedman_vaults_river_flow, nicolae_vaults_oval_intersection,
          nicolae_vaults_turnstiles, nicolae_vaults_ninety_degrees, v_misc_4,
          vaults_dpeg_ring, vaults_mumra_hex, nicolae_vaults_network_quincunx
          [nicolae_vaults_network_quincunx_subvault,
          nicolae_vaults_network_quincunx_subvault,
          nicolae_vaults_network_quincunx_subvault,
          nicolae_vaults_network_quincunx_subvault,
          nicolae_vaults_network_quincunx_subvault],
          nicolae_vaults_variable_pillar_hall, ontoclasm_vaults_tryst,
          nicolae_vaults_storage_room_glass, vaults_room_grid,
          ontoclasm_vaults_decontamination, layout_vaults_omnibox
Vaults:5: serial_shops, uniq_margery
Crypt:1:  gammafunk_sealed_library, layout_gridlike
Crypt:2:  ragdoll_tomb_raider, layout_rooms, gammafunk_ghost_grave,
          grunt_megastairs_1
Crypt:3:  evilmike_haunted_forest, uniq_saint_roka, uniq_josephina
Depths:1: layout_gridlike, enter_ziggurat_a, pf_coc_iceberg, minivault_16,
          hangedman_decor_points, pandoras_box_mu
Depths:2: cheibrodos_hall_of_evolution, layout_cave_pools,
          hangedman_abyss_entry_splay, minmay_misc_feat_rugged, hell_entry,
          grunt_pan_entry_zigzag, infiniplex_staircase_trident
Depths:3: grunt_x_marks_the_spot, layout_small_grid, grunt_pan_entry_spiral,
          hell_entry, nicolae_water_bricks, minmay_room_of_horrors,
          minmay_staircase_windowed_large
Depths:4: evilmike_zot_entry_round, layout_basic, serial_shops,
          nicolae_shop_tiny_real_fake_doors, pf_hell_entry_great_geh,
          hangedman_decor_clover_reticule, fiery_altar_vehumet, uniq_mennas
Hell
Zot:1:    minmay_elemental_castle, layout_basic, grunt_ministairs_10
Zot:2:    layout_basic
Zot:3:    layout_misc_corridors
Zot:4:    layout_basic, lemuel_elevator
Zot:5:    layout_gridlike

Skill      XL: |  1  2  3  4  5  6  7  8  9 10 11 12 13 14 15 16 17 18 19 20 21 22 23 24 25 26 27 |
---------------+----------------------------------------------------------------------------------+-----
Spellcasting   | 4 5 7 8 9 11 12 13 14 15 16 17 18 19 20 22 24 26 27 | 27.0
Conjurations   | 4 5 7 8 9 11 12 13 14 15 16 17 18 19 20 22 23 25 27 | 27.0
Hexes          | 4 5 7 8 9 11 12 13 14 15 16 17 18 19 20 22 23 25 27 | 27.0
Summonings     | 4 5 7 8 9 11 12 13 14 15 16 17 18 19 20 22 23 25 27 | 27.0
Necromancy     | 4 5 7 8 9 11 12 13 14 15 16 17 18 19 20 22 23 25 27 | 27.0
Translocations | 4 5 7 8 9 11 12 13 14 15 16 17 18 19 20 22 23 25 27 | 27.0
Transmutations | 4 5 7 8 9 11 12 13 14 15 16 17 18 19 20 22 23 25 27 | 27.0
Fire Magic     | 4 5 7 8 9 11 12 13 14 15 16 17 18 19 20 22 23 25 27 | 27.0
Ice Magic      | 4 5 7 8 9 11 12 13 14 15 16 17 18 19 20 22 23 25 27 | 27.0
Air Magic      | 4 5 7 8 9 11 12 13 14 15 16 17 18 19 20 22 23 25 27 | 27.0
Earth Magic    | 4 5 7 8 9 11 12 13 14 15 16 17 18 19 20 22 23 25 27 | 27.0
Poison Magic   | 4 5 7 8 9 11 12 13 14 15 16 17 18 19 20 22 23 25 27 | 27.0
Fighting       | 1 2 3 4 5 7 8 9 11 12 13 14 15 16 17 18 19 20 23 | 23.5
Dodging        | 5 7 8 10 12 13 14 15 16 17 18 20 24 | 24.1
Shields        | 5 8 |  8.0
Unarmed Combat | 4 5 |  5.0
Armour         | 4 8 10 11 | 11.3
Stealth        | |  1.5

Action                     |  1- 3 |  4- 6 |  7- 9 | 10-12 | 13-15 | 16-18 | 19-21 | 22-24 | 25-27 || total
---------------------------+-------+-------+-------+-------+-------+-------+-------+-------+-------++-------
  Melee: Dagger            |       |     6 |     9 |     1 |       |       |       |       |       ||    16
         Staff             |       |       |       |       |    21 |     5 |       |       |     2 ||    28
         Unarmed           |       |       |       |       |       |   236 |       |       |       ||   236
         Punch             |       |       |       |       |       |     8 |       |       |       ||     8
   Cast: Shock             |    56 |   120 |    32 |     1 |       |       |       |       |       ||   209
         Static Discharge  |     1 |    10 |     5 |    20 |     5 |       |       |       |       ||    41
         Vampiric Draining |       |       |    78 |    24 |     6 |       |       |       |       ||   108
         Airstrike         |       |       |     8 |   221 |   466 |   481 |     4 |       |       ||  1180
         Summon Guardian G |       |       |     3 |     1 |     1 |       |       |       |       ||     5
         Iskenderun's Batt |       |       |       |    31 |    43 |    33 |       |       |       ||   107
         Freezing Cloud    |       |       |       |       |    17 |    16 |       |       |       ||    33
         Eringya's Noxious |       |       |       |       |    11 |    41 |     9 |     6 |     4 ||    71
         Storm Form        |       |       |       |       |       |    13 |       |       |       ||    13
         Plasma Beam       |       |       |       |       |       |       |   571 |   535 |   585 ||  1691
         Haunt             |       |       |       |       |       |       |     5 |     2 |       ||     7
         Dragon's Call     |       |       |       |       |       |       |       |       |     7 ||     7
         Fire Storm        |       |       |       |       |       |       |       |       |   353 ||   353
Ability: Blinkbolt         |       |       |       |       |       |     2 |       |       |       ||     2
         End Transformatio |       |       |       |       |       |     2 |       |       |       ||     2
  Evoke: Wand              |       |       |       |     7 |     3 |     1 |       |       |       ||    11
    Use: Scroll            |     3 |     5 |     6 |    16 |     8 |     4 |     3 |     5 |     4 ||    54
         Potion            |       |       |       |     5 |       |    14 |     1 |     2 |     5 ||    27
   Stab: Sleeping          |       |       |     1 |       |       |       |       |       |       ||     1
         Invisible         |       |       |       |       |       |     1 |       |       |       ||     1
 Armour: Leather armour    |       |    14 |    50 |    15 |       |       |       |       |       ||    79
         Robe              |       |     1 |       |       |       |       |       |       |       ||     1
         Troll leather arm |       |       |       |     8 |    56 |    83 |    39 |    29 |    83 ||   298
         Skin              |       |       |       |       |       |    69 |       |       |       ||    69
  Dodge: Dodged            |     4 |    21 |    51 |    44 |   104 |   315 |    97 |   124 |   367 ||  1127
  Block: Orb               |       |       |       |     5 |    24 |       |       |       |       ||    29
         Reflection        |       |       |       |       |     3 |    30 |    20 |    15 |       ||    68
         Buckler           |       |       |       |       |    37 |   135 |   104 |   123 |   169 ||   568
         Other             |       |       |       |       |       |    49 |       |       |       ||    49

Table legend: (Time is in decaauts)
 A = Elapsed time spent in this place.
 B = Non-inter-level travel time spent in this place.
 C = Inter-level travel time spent in this place.
 D = Time resting spent in this place.
 E = Time spent auto-exploring this place.
 F = Levels seen in this place.
 G = Mean time per level.
                   A        B        C        D        E       F      G
               +--------+--------+--------+--------+--------+-----+--------+
         Total |  52197 |  48000 |   4197 |   1245 |  38550 |  56 |  932.1 |
       Dungeon |  18096 |  16176 |   1920 |    525 |  13550 |  15 | 1206.4 |
        Temple |    138 |    121 |     17 |      0 |     59 |   1 |  138.0 |
          Lair |   4661 |   4318 |    343 |      0 |   3668 |   5 |  932.2 |
         Swamp |   2278 |   2058 |    220 |      0 |   1704 |   4 |  569.5 |
     Snake Pit |   3438 |   3284 |    154 |     36 |   2754 |   4 |  859.5 |
  Orcish Mines |   1305 |   1214 |     91 |    103 |    856 |   2 |  652.5 |
   Elven Halls |   4287 |   4100 |    187 |    199 |   2798 |   3 | 1429.0 |
        Vaults |   5310 |   4889 |    421 |     11 |   4060 |   5 | 1062.0 |
         Crypt |   2715 |   2604 |    111 |     51 |   1939 |   3 |  905.0 |
        Depths |   3427 |   3008 |    419 |     48 |   2404 |   4 |  856.8 |
          Hell |    506 |    474 |     32 |      0 |    351 |   1 |  506.0 |
           Zot |   5047 |   4769 |    278 |    119 |   3973 |   5 | 1009.4 |
         Abyss |    454 |    454 |      0 |      0 |    248 |   2 |  227.0 |
         Trove |     66 |     66 |      0 |      0 |     10 |   1 |   66.0 |
      Gauntlet |    462 |    462 |      0 |    153 |    176 |   1 |  462.0 |
               +--------+--------+--------+--------+--------+-----+--------+

Top non-repeatable levels by time:
    D:10: 1950 daAuts
    D:13: 1718 daAuts
   Elf:1: 1701 daAuts
   Zot:5: 1616 daAuts
     D:6: 1607 daAuts
   Elf:3: 1597 daAuts
     D:9: 1499 daAuts
 Snake:3: 1281 daAuts
Vaults:2: 1249 daAuts
     D:5: 1249 daAuts
    D:11: 1242 daAuts
    D:14: 1188 daAuts
 Crypt:3: 1186 daAuts
Vaults:1: 1151 daAuts
   Orc:2: 1132 daAuts
